 Dungeon Crawl Stone Soup version 0.29.1-1-gd02db6906a (webtiles) character file.

Game seed: 16229736806920247596

468 quakins the Fighter (level 7, -2/63 HPs)
             Began as a Formicid Abyssal Knight on Oct 19, 2022.
             Was an Elder of Lugonu.
             Slain by an ice beast (10 damage)
             ... on level 6 of the Dungeon.
             The game lasted 00:09:27 (5018 turns).

quakins the Fighter (Formicid Abyssal Knight)       Turns: 5018, Time: 00:09:28

Health: -2/63      AC:  3    Str: 19    XL:     7   Next: 30%
Magic:  8/8        EV: 11    Int: 10    God:    Lugonu [****..]
Gold:   201        SH:  4    Dex: 18    Spells: 6/6 levels left

rFire   + + .      SeeInvis +   i - +3 short sword
rCold   . . .      Faith    .   v - +0 buckler
rNeg    . . .      Spirit   .   b - +0 leather armour
rPois   .          Reflect  .   (helmet unavailable)
rElec   .          Harm     .   f - scarf {rC+ rF+}
rCorr   .          Rampage  .   (no gloves)
Will    .....                   (no boots)
Stlth   +.........              (no amulet)
HPRegen 0.20/turn               k - ring "Naycieq" {Fire Dex+4}
MPRegen 0.11/turn               (no ring)

@: no status effects
A: permanent stasis, dig shafts and tunnels, antennae 3, four strong arms
a: Dig, Shaft Self, Renounce Religion, Depart the Abyss, Bend Space, Banish,
Corrupt


You were on level 6 of the Dungeon.
You worshipped Lugonu.
Lugonu was greatly pleased with you.
You visited 1 branch of the dungeon, and saw 6 of its levels.
You visited the Abyss 1 time.
You also visited: Ossuary.

You collected 201 gold pieces.

Inventory:

Hand Weapons
 a - a +1 mace
 i - a +3 short sword (weapon)
Missiles
 c - 5 atropa-tipped darts
 C - a throwing net (quivered)
Armour
 b - a +0 leather armour (worn)
 f - a scarf of resistance (worn)
 v - a +0 buckler (worn)
Jewellery
 k - the ring "Naycieq" (left hand) {Fire Dex+4}
   (You found it on level 2 of the Dungeon)

   [ring of fire]

   It enhances your fire magic.
   Dex:       It affects your dexterity (+4).
   rF:        It protects you from fire.
   rC:        It makes you vulnerable to cold.
 o - an amulet of regeneration
Wands
 B - a wand of paralysis (2)
Scrolls
 d - 7 scrolls of identify {unknown}
 j - 3 scrolls of poison {unknown}
 l - a scroll of enchant weapon {unknown}
 m - 5 scrolls of noise
 n - a scroll of vulnerability {unknown}
 p - 2 scrolls of immolation
 r - 3 scrolls of summoning {unknown}
 s - 3 scrolls of teleportation {unknown}
 w - a scroll of acquirement {unknown}
 x - a scroll of blinking {unknown}
 y - a scroll of enchant armour {unknown}
Potions
 e - 2 potions of berserk rage {unknown}
 g - 2 potions of lignification {unknown}
 h - a potion of flight {unknown}
 q - 9 potions of degeneration
 t - 3 potions of curing {unknown}
 u - 3 potions of heal wounds
 z - a potion of magic {unknown}
 A - a potion of resistance {unknown}


   Skills:
 * Level 8.6 Fighting
 - Level 2.0 Maces & Flails
 - Level 2.1 Armour
 - Level 0.8 Dodging
 - Level 2.1 Invocations


You had 6 spell levels left.
You didn't know any spells.
Your spell library contained the following spells:

 Spells                   Type           Power      Damage    Failure   Level
 Necrotise                Necr           0%         1d4       50%         1
 Ensorcelled Hibernation  Hex/Ice        0%         N/A       65%         2
 Passwall                 Tmut/Erth      0%         N/A       65%         2
 Vampiric Draining        Necr           0%         2d6       86%         3
 Agony                    Necr           0%         N/A       100%        5
 Swiftness                Air            Unusable   N/A       N/A         3

Dungeon Overview and Level Annotations

Branches:
Dungeon (6/15)            Ossuary (visited)
 Temple: D:4-7

Altars:
Qazlal

Annotations:
D:3 Sigmund
D:5 Ijyb


Innate Abilities, Weirdness & Mutations

You cannot be hasted, slowed, berserked, paralysed or teleported.
You can dig through walls and to a lower floor.
You have a pair of large antennae on your head. (SInv)
Your four strong arms can wield two-handed weapons with a shield.


Message History

You hit the ice beast.
The ice beast is heavily wounded.
The helpless ice beast fails to defend itself.
You hit the ice beast but do no damage.
The ice beast is heavily wounded.
The helpless ice beast fails to defend itself.
You hit the ice beast.
The ice beast is severely wounded.
The helpless ice beast fails to defend itself.
You hit the ice beast.
The ice beast is almost dead.
A hound comes into view.
The helpless ice beast fails to defend itself.
You hit the ice beast but do no damage.
The ice beast is almost dead.
The ice beast is no longer paralysed.
The ice beast hits you but does no damage.
The hound barks!
You hit the ice beast but do no damage.
The ice beast is almost dead.
The ice beast hits you. The ice beast freezes you!
You closely miss the ice beast.
The ice beast is almost dead.
The ice beast barely misses you. The ice beast hits you.
* * * LOW HITPOINT WARNING * * *
The ice beast freezes you!
* * * LOW HITPOINT WARNING * * *
Aiming: Paralyse
Press: ? - help, Shift-Dir - straight line, f - hound, p - ice beast
Aim: a hound (chance to affect: 57%)
The hound suddenly stops moving!
The ice beast closely misses you.
You hit the ice beast but do no damage.
The ice beast is almost dead.
The ice beast barely misses you.
You hit the ice beast but do no damage.
The ice beast is almost dead.
The ice beast hits you.
* * * LOW HITPOINT WARNING * * *
The ice beast freezes you!
You die...

#. .# #. ##### .#
#. #...##=##
#.##...#...####
##....<........
#.#....(.....#
#..##...........#
..!?..Y@h...<..##
......##...#..#####
..### ##...........
####..###### #..#
#..# #..# ...# ##.#


You could see an ice beast and a hound (paralysed).

Vanquished Creatures
  2 necrophages
  A centaur zombie (Ossuary)
  2 human zombies (Ossuary)
  2 jellies (D:4)
  An iguana (D:4)
  4 mummies
  A gnoll (D:5)
  4 adders
  An ufetubus (D:4)
  2 worms (D:3)
  3 dart slugs
  An orc (D:4)
  8 ball pythons
  6 endoplasms
  3 giant cockroaches
  4 hobgoblins
  5 kobolds
  A quokka (D:4)
  9 bats
  5 frilled lizards
  A gnoll zombie (Ossuary)
  A hobgoblin zombie (Ossuary)
  A kobold zombie (Ossuary)
  2 orc zombies (Ossuary)
  4 rats
74 creatures vanquished.

Notes
Turn   | Place    | Note
-------+----------+-------------------------------------------
     0 | Abyss:1  | quakins the Formicid Abyssal Knight began the quest for the
                  | Orb.
     0 | Abyss:1  | Reached XP level 1. HP: 18/18 MP: 2/2
     1 | D:1      | Escaped the Abyss
   112 | D:1      | Reached XP level 2. HP: 21/25 MP: 3/3
   175 | D:1      | Reached skill level 4 in Fighting
   514 | D:1      | Reached XP level 3. HP: 31/31 MP: 4/4
   564 | D:1      | Reached *** piety under Lugonu
   730 | D:1      | Found a faded altar of an unknown god.
  1083 | D:2      | Identified the ring "Naycieq" {Fire Dex+4}
  1404 | D:3      | Noticed Sigmund
  1488 | D:3      | Reached skill level 5 in Fighting
  1645 | D:3      | Reached XP level 4. HP: 39/39 MP: 5/5
  1909 | D:3      | Found a stormy altar of Qazlal.
  2604 | D:4      | Reached skill level 6 in Fighting
  2604 | D:4      | Reached XP level 5. HP: 32/46 MP: 6/6
  2722 | D:4      | Found a sand-covered staircase.
  2729 | Ossuary  | Entered an ossuary
  3078 | Ossuary  | Reached XP level 6. HP: 53/53 MP: 7/7
  3208 | Ossuary  | Reached skill level 7 in Fighting
  3737 | D:5      | Entered Level 5 of the Dungeon
  3915 | D:4      | Reached skill level 8 in Fighting
  3915 | D:4      | Reached XP level 7. HP: 13/62 MP: 8/8
  4783 | D:4      | Reached **** piety under Lugonu
  4980 | D:5      | Noticed Ijyb
  4984 | D:5      | HP: 1/62 [centaur/arrow (5)]
  5018 | D:6      | Slain by an ice beast

Illustrated notes

Levels and vault maps discovered:
D:1:      ncdulo_wetmaze, layout_rooms, dilly_ecumenical_altar_fadedgnrine
D:2:      layout_rooms
D:3:      layout_rooms, lemuel_round_altar, minivault_24,
          wander_ebering_terrifying_dragon_lair, uniq_sigmund
D:4:      layout_cave_pools, gup_ossuary_entry_pyramid, st_stairs_12
D:5:      layout_basic, uniq_ijyb
D:6:      layout_loops_ring

Skill      XL: |  1  2  3  4  5  6 |
---------------+-------------------+-----
Fighting       | 4 5 6 8 |  8.6
Maces & Flails | |  2.0
Armour         | |  2.1
Dodging        | |  0.8
Invocations    | |  2.1

Action                   |  1- 3 |  4- 6 |  7- 9 || total
-------------------------+-------+-------+-------++-------
Melee: Mace              |    46 |       |       ||    46
       Short sword       |    41 |   164 |    62 ||   267
Throw: Dart              |       |     3 |       ||     3
       Throwing net      |       |       |     1 ||     1
Invok: Bend Space        |       |     2 |     1 ||     3
 Abil: Dig               |     1 |       |       ||     1
Evoke: Wand              |       |       |     3 ||     3
  Use: Potion            |       |       |     1 ||     1
 Stab: Sleeping          |     1 |     2 |       ||     3
       Invisible         |       |     2 |       ||     2
       Paralysed         |       |       |    15 ||    15
Armor: Leather armour    |    42 |    43 |     6 ||    91
Dodge: Dodged            |    69 |   104 |    34 ||   207
Block: Buckler           |       |    12 |    14 ||    26
